 Dungeon Crawl Stone Soup version 0.18.1-48-g4cf74bf (webtiles) character file.

128 GFox the Covered (level 4, -5/41 HPs)
             Began as a Minotaur Fighter on July 19, 2016.
             Was a Follower of Cheibriados.
             Killed by divine providence
             ... invoked by an orc priest
              (13 damage)
             ... on level 3 of the Dungeon on July 20, 2016.
             The game lasted 00:12:19 (1640 turns).

GFox the Covered (Minotaur Fighter)                 Turns: 1640, Time: 00:12:21

Health: -5/41      AC:  8    Str: 24    XL:     4   Next: 87%
Magic:  3/3        EV:  9    Int:  7    God:    Cheibriados [*.....]
Gold:   102        SH: 10    Dex: 14    Spells: 0 memorised, 3 levels left

rFire  . . .     SeeInvis .     a - +0 war axe
rCold  + . .     Gourm    .     o - +2 ring mail {rC+}
rNeg   . . .     Faith    .     c - +0 shield
rPois  .         Spirit   .     (helmet restricted)
rElec  .         Dismiss  .     (no cloak)
rCorr  .         Reflect  .     (no gloves)
SustAt .         Harm     .     (no boots)
MR     .....                    (no amulet)
Stlth  +.........               s - ring of wizardry
                                m - +3 ring of dexterity

@: very slow, not resistant to hostile enchantments, very unstealthy
A: retaliatory headbutt, horns 2
a: Bend Time, Renounce Religion


You were on level 3 of the Dungeon.
You worshipped Cheibriados.
Cheibriados was aware of your devotion.
You were not hungry.

You visited 1 branch of the dungeon, and saw 3 of its levels.

You collected 102 gold pieces.

Inventory:

Hand Weapons
 a - a +0 war axe (weapon)
Armour
 c - a +0 shield (worn)
 o - a +2 ring mail of cold resistance (worn)
Jewellery
 m - a +3 ring of dexterity (left hand)
 s - a ring of wizardry (right hand)
Scrolls
 h - 5 scrolls of identify
 j - a scroll of fear
 k - a scroll of remove curse
Potions
 b - a potion of mutation {unknown}
 d - 2 potions of might
 e - a potion of cure mutation {unknown}
 i - a potion of lignification {unknown}
 l - 2 potions of curing {unknown}
 n - a potion of ambrosia {unknown}
 p - a potion of degeneration {unknown}
 r - a potion of brilliance {unknown}
 t - a potion of flight {unknown}
Comestibles
 f - 2 bread rations
 g - 2 chunks of flesh
 q - a meat ration


   Skills:
 + Level 4.3 Fighting
 + Level 3.0 Axes
 + Level 4.9 Armour
 + Level 1.8 Dodging
 + Level 0.1 Stealth
 + Level 4.3 Shields


You had 3 spell levels left.
You didn't know any spells.

Dungeon Overview and Level Annotations

Branches:
Dungeon (3/15)

Altars:
Cheibriados
Kikubaaqudgha
Okawaru


Innate Abilities, Weirdness & Mutations

You reflexively headbutt those who attack you in melee.
You have a pair of horns on your head.


Message History

The orc wizard points at you and mumbles some strange words.
The magic dart hits you!
You miss the orc wizard.
The orc wizard is severely wounded.
The orc priest calls down the wrath of Beogh upon you.
Beogh smites you!
* * * LOW HITPOINT WARNING * * *
You closely miss the orc. You block the orc's attack.
Your shield prevents you from hitting the orc.
You headbutt the orc, but do no damage.
The orc priest casts a cantrip, but nothing happens.
The orc wizard gestures wildly while chanting.
The orc wizard seems to speed up.
You block the orc's attack.
You hit the orc but do no damage. You headbutt the orc.
The orc is heavily wounded.
The orc hits you with a hand axe.
* * * LOW HITPOINT WARNING * * *
The orc priest calls down the wrath of Beogh upon you.
Beogh smites you!
You die...

.#########.# ##
#.# #.# #.# #.
#.# ... #.#
...# #.# ....#
#.#######o....#
#......@oo.$..#
#########.....#
.$..# ..#. ...
##


You could see an orc priest, an orc wizard and an orc.

Vanquished Creatures
  A centaur skeleton (D:3)
  5 adders (D:2)
  An ooze (D:2)
  2 worms
  2 dart slugs
  3 orcs (D:3)
  3 bats
  3 giant cockroaches
  A goblin (D:1)
  3 hobgoblins
  4 jackals (D:2)
  3 kobolds
  2 quokkas
  A ball python (D:1)
  2 giant newts (D:3)
  3 rats (D:2)
39 creatures vanquished.

Notes
Turn   | Place    | Note
--------------------------------------------------------------
     0 | D:1      | GFox the Minotaur Fighter began the quest for the Orb.
     0 | D:1      | Reached XP level 1. HP: 19/19 MP: 0/0
   291 | D:1      | Reached XP level 2. HP: 26/26 MP: 1/1
   516 | D:2      | Found an ancient bone altar of Kikubaaqudgha.
   631 | D:2      | Reached XP level 3. HP: 33/33 MP: 2/2
   632 | D:2      | Found a snail-covered altar of Cheibriados.
   663 | D:2      | Became a worshipper of Cheibriados the Contemplative
   979 | D:2      | Reached XP level 4. HP: 38/40 MP: 3/3
  1200 | D:3      | Reached * piety under Cheibriados
  1255 | D:3      | Found an iron altar of Okawaru.
  1292 | D:3      | Reached skill level 1 in Dodging
  1640 | D:3      | Killed from afar by an orc priest

Skill      XL: |  1  2  3  4 |
---------------+-------------+-----
Armour         | 4 |  4.9
Shields        | 4 |  4.3
Fighting       | 4 |  4.3
Dodging        | 1 |  1.8
Axes           | 3 |  3.0
Stealth        | |  0.1

Action                   |  1- 3 |  4- 6 || total
-------------------------+-------+-------++-------
Melee: War axe           |    55 |    33 ||    88
       Headbutt          |     6 |     7 ||    13
  Use: Scroll            |     3 |     2 ||     5
  Eat: Chunk             |       |     2 ||     2
Armor: Scale mail        |     6 |       ||     6
       Ring mail         |    20 |    14 ||    34
Dodge: Dodged            |    19 |    12 ||    31
Block: Shield            |    36 |    24 ||    60
